 Dungeon Crawl Stone Soup version 0.18.0-2-g198d6d4 (webtiles) character file.

3 imoen the Insei (level 1, -1/11 HPs)
             Began as a Vine Stalker Monk on May 5, 2016.
             Slain by a jackal (3 damage)
             ... on level 2 of the Dungeon.
             The game lasted 00:02:24 (221 turns).

imoen the Insei (Vine Stalker Monk)                  Turns: 221, Time: 00:02:25

Health: -1/11      AC:  2    Str: 13    XL:     1   Next: 50%
Magic:  0/2        EV: 13    Int: 10    God:
Gold:   30         SH:  0    Dex: 16    Spells: 0 memorised, 0 levels left

rFire  . . .     SeeInvis .       - Unarmed
rCold  . . .     Gourm    .     a - +0 robe
rNeg   . . .     Faith    .     (no shield)
rPois  .         Spirit   +     (no helmet)
rElec  .         Dismiss  .     (no cloak)
rCorr  .         Reflect  .     (no gloves)
SustAt .         Harm     .     (no boots)
MR     .....                    (no amulet)
Stlth  ++........               (no ring)
                                (no ring)

@: not resistant to hostile enchantments, unstealthy
A: fangs 2, regeneration 1, magic shield, antimagic bite, no device heal 3, rot
immunity
a: no special abilities


You were on level 2 of the Dungeon.
You were not hungry.

You visited 1 branch of the dungeon, and saw 2 of its levels.

You collected 30 gold pieces.

Inventory:

Armour
 a - a +0 robe (worn)
Scrolls
 c - 2 scrolls of enchant armour {unknown}
 d - a scroll of identify {unknown}
 f - 3 scrolls of remove curse {unknown}
Potions
 e - a potion of curing {unknown}
 h - a potion of brilliance {unknown}
Comestibles
 b - a bread ration
 g - a beef jerky


   Skills:
 - Level 2.6 Fighting
 - Level 2.4 Dodging
 - Level 2.4 Stealth
 + Level 4.2 Unarmed Combat


You couldn't memorise any spells.
You didn't know any spells.

Dungeon Overview and Level Annotations

Branches:
Dungeon (2/15)

Altars:


Innate Abilities, Weirdness & Mutations

You have extremely sharp teeth.
Your natural rate of healing is unusually fast.
When hurt, damage is shared between your health and your magic reserves.
Your bite disrupts and absorbs the magic of your enemies.
Potions and wands cannot restore your health.
You are immune to rotting.


Message History

Welcome, imoen the Vine Stalker Monk.
Will you prevail where others failed? Will you find the Orb of Zot?
A rat comes into view.
c - a scroll labeled WIM BIALOIZA
d - a scroll labeled QEZAEROLOHE
e - a golden potion
c - 2 scrolls labeled WIM BIALOIZA (gained 1)
f - a scroll labeled AVYCHI FOLOY A bat comes into view.
The bat hits you but does no damage. The bat barely misses you.
You punch the bat!
You kill the bat!
You see here a bat corpse.
As you open the door, it creaks loudly!
There is an open door here.
g - a beef jerky You now have 14 gold pieces.
f - 2 scrolls labeled AVYCHI FOLOY (gained 1)
f - 3 scrolls labeled AVYCHI FOLOY (gained 1)
You open the door.
There is an open door here.
You open the door.
There is an open door here.
You now have 30 gold pieces (gained 16).
A hobgoblin comes into view.
The hobgoblin hits you.
You take 3 damage, and have 8/11 hp.
MASSIVE DAMAGE!!
You now have 1/2 mp.
You barely miss the hobgoblin.
You bite the hobgoblin, but do no damage.
You closely miss the hobgoblin. Your bite misses the hobgoblin.
The hobgoblin hits you.
* * * LOW HITPOINT WARNING * * *
You take 1 damage, and have 7/11 hp.
You barely miss the hobgoblin. You bite the hobgoblin. You drain its power.
You feel invigorated. The hobgoblin hits you.
* * * LOW HITPOINT WARNING * * *
You take 2 damage, and have 5/11 hp.
Unknown command.
You hit the hobgoblin.
You kill the hobgoblin!
Unknown command.
Unknown command.
You see here a hobgoblin corpse.
Wield which item (- for none, * to show all)? (? for menu, Esc to quit)
b - a bread ration (in hand)
You swing at nothing.
You swing at nothing.
MP restored: 2 You swing at nothing.
You swing at nothing.
Wield which item (- for none, * to show all)? (? for menu, Esc to quit)
You are now empty-handed.
Health restored: 11
h - a yellow potion
There is a stone staircase leading down here.
You climb downwards. 4 jackals come into view.
The jackal barks!
There is a stone staircase leading up here.
Unknown command.
Unknown command.
The jackal barks!
Unknown command.
The jackal barks!
The jackal closely misses you.
There is a stone staircase leading up here.
You barely miss the jackal. You bite the jackal. You drain its power.
The jackal bites you. The jackal closely misses you.
The jackal barely misses you.
You take 2 damage, and have 9/11 hp.
You now have 1/2 mp.
You hit the jackal.
You kill the jackal!
The jackal bites you.
* * * LOW HITPOINT WARNING * * *
You take 2 damage, and have 7/11 hp.
The jackal bites you.
* * * LOW HITPOINT WARNING * * *
The jackal closely misses you.
You take 2 damage, and have 5/11 hp.
You now have 0/2 mp.
Unknown command.
The jackal bites you.
* * * LOW HITPOINT WARNING * * *
You are too injured to fight recklessly!
You are too injured to fight recklessly!
You closely miss the jackal. You barely miss the jackal. The jackal bites you.
* * * LOW HITPOINT WARNING * * *
You take 1 damage, and have 4/11 hp.
You barely miss the jackal. The jackal barely misses you.
You closely miss the jackal. The jackal bites you.
* * * LOW HITPOINT WARNING * * *
The jackal bites you.
You die...

##########
#.........
#####.........
#..@hh.......
##.##h.....#
#.#<......#
#.#†......#
#.#.......#
..#.......#
###.......#
.........#
.###......#


You could see 3 jackals.

Vanquished Creatures
  A hobgoblin (D:1)
  A jackal (D:2)
  A bat (D:1)
3 creatures vanquished.

Notes
Turn   | Place    | Note
--------------------------------------------------------------
     0 | D:1      | imoen the Vine Stalker Monk began the quest for the Orb.
     0 | D:1      | Reached XP level 1. HP: 11/11 MP: 2/2
   221 | D:2      | HP: 2/11 [jackal (2)]
   221 | D:2      | Slain by a jackal

Action                   || total
-------------------------++-------
Melee: Unarmed           ||    11
       Bite              ||     3
Armor: Robe              ||     1
Dodge: Dodged            ||     6

Vault maps used:
D:1:      dpeg_arrival_central, grunt_decor_cap

Table legend:
 A = Turns spent in this place as a percentage of turns spent in the entire game.
 B = Non-inter-level travel turns spent in this place as a percentage of non-inter-level travel turns spent in the entire game.
 C = Inter-level travel turns spent in this place as a percentage of turns spent in this place.
 D = Turns resting spent in this place as a percentage of non-inter-level travel turns spent in this place.
 E = Turns spent auto-exploring this place as a percentage of non-inter-level travel turns spent in this place.
 F = Non-inter-level travel turns spent in this place divided by the number of levels of this place that you've seen.
                   A       B       C       D       E      F
               +-------+-------+-------+-------+-------+----------------------
         Total | 100.0 | 100.0 |   0.0 |   0.0 |   0.0 | 106.0
       Dungeon | 100.0 | 100.0 |   0.0 |   0.0 |   0.0 | 106.0
               +-------+-------+-------+-------+-------+----------------------

Table legend:
 A = Kills in this place as a percentage of kills in entire the game.
 B = Kills by you in this place as a percentage of kills by you in the entire game.
 C = Kills by friends in this place as a percentage of kills by friends in the entire game.
 D = Other kills in this place as a percentage of other kills in the entire game.
 E = Experience gained in this place as a percentage of experience gained in the entire game.
 F = Experience gained in this place divided by the number of levels of this place that you have seen.
                   A       B       C       D       E      F
               +-------+-------+-------+-------+-------+----------------------
         Total | 100.0 | 100.0 |  -nan |  -nan | 100.0 |   2.5
       Dungeon | 100.0 | 100.0 |  -nan |  -nan | 100.0 |   2.5
               +-------+-------+-------+-------+-------+----------------------
